 Dungeon Crawl Stone Soup version 0.29-a0-830-gcb1280458a (webtiles) character file.

Game seed: 16153416305453556068

66310 anonymous the Stormcaller (level 15, -6/89 HPs)
             Began as a Tengu Air Elementalist on July 11, 2022.
             Was a High Priest of Vehumet.
             Mangled by a fire elemental (12 damage)
             ... led by Azrael
             ... on level 13 of the Dungeon.
             The game lasted 00:46:58 (29946 turns).

anonymous the Stormcaller (Tengu Air Elementalist) Turns: 29946, Time: 00:46:59

Health: -6/89      AC: 11    Str:  9    XL:     15   Next: 19%
Magic:  14/31      EV: 17    Int: 25    God:    Vehumet [*****.]
Gold:   1969       SH:  0    Dex: 15    Spells: 11/36 levels left

rFire   . . .      SeeInvis .   a - staff of conjuration
rCold   . . .      Faith    .   (no shield)
rNeg    . . .      Spirit   .   O - +1 ring mail {Will+}
rPois   .          Reflect  .   P - +2 hat {Int+3}
rElec   .          Harm     .   y - +0 cloak
rCorr   .          Rampage  .   (no gloves)
Will    +++..                   (boots unavailable)
Stlth   ++++......              i - amulet of magic regeneration
HPRegen 0.24/turn               v - ring of willpower
MPRegen 0.62/turn               o - ring of wizardry

@: flying quickly and evasively, quick
A: beak, talons 3, nimble flight
a: Renounce Religion


You were on level 13 of the Dungeon.
You worshipped Vehumet.
Vehumet was extremely pleased with you.
You visited 3 branches of the dungeon, and saw 20 of its levels.
You also visited: Bailey.

You collected 2054 gold pieces.
You spent 85 gold pieces at shops.

Inventory:

Hand Weapons
 b - the +7 Spriggan's Knife {stab, EV+4 Stlth+}
   (You found it in a bailey)

   It is more effective when stabbing unaware enemies, sometimes treating them
   as though they were completely helpless.
   EV:        It affects your evasion (+4).
   Stlth:     It makes you more stealthy.
 G - a +0 scimitar of flaming
Missiles
 t - 2 throwing nets
 u - 48 poisoned darts
 C - 2 curare-tipped darts
Armour
 s - the +5 scale mail "Eddoy" {Drain Regen+ rCorr}
   (You found it on level 13 of the Dungeon)

   Regen:     It increases your rate of health regeneration.
   rCorr:     It protects you from acid and corrosion.
   Drain:     It drains your maximum health when unequipped.
 y - a +0 cloak (worn)
 I - +0 acid dragon scales
 N - a +1 ring mail of cold resistance
 O - a +1 ring mail of willpower (worn)
 P - a +2 hat of intelligence (worn)
Magical Staves
 a - a staff of conjuration (weapon)
Jewellery
 c - an amulet of regeneration
 i - an amulet of magic regeneration (around neck)
 o - a ring of wizardry (right hand)
 v - a ring of willpower (left hand)
 L - an amulet of reflection
 Z - a ring of resist corrosion
Wands
 n - a wand of paralysis (31)
 x - a wand of mindburst (24)
 A - a wand of flame (62)
 J - a wand of light (7)
 K - a wand of roots (20)
Scrolls
 d - 3 scrolls of immolation
 f - 6 scrolls of teleportation
 g - 3 scrolls of amnesia
 h - 6 scrolls of poison
 l - 9 scrolls of blinking
 p - a scroll of fog
 r - 4 scrolls of vulnerability
 D - a scroll of torment
 Q - a scroll of enchant weapon
 V - a scroll of magic mapping
 X - a scroll of silence {unknown}
 Y - a scroll of enchant armour
Potions
 e - 11 potions of curing
 j - 4 potions of magic
 k - 2 potions of berserk rage
 m - 7 potions of invisibility
 q - 2 potions of might
 w - 3 potions of resistance
 z - 3 potions of lignification
 B - 3 potions of flight {unknown}
 E - 2 potions of degeneration {unknown}
 F - 3 potions of brilliance
 H - 2 potions of cancellation {unknown}
 M - 4 potions of haste
 R - 3 potions of ambrosia
 S - a potion of attraction {unknown}
 T - 2 potions of mutation {unknown}
 U - 2 potions of heal wounds {unknown}
Miscellaneous
 W - a condenser vane


   Skills:
 + Level 8.6 Fighting
 + Level 9.0 Armour
 + Level 9.6 Dodging
 + Level 9.6 Stealth
 + Level 1.5 Shields
 * Level 11.4 Spellcasting
 * Level 15.4 Conjurations
 * Level 15.9 Air Magic


You had 11 spell levels left.
You knew the following spells:

 Your Spells              Type           Power      Damage    Failure   Level
a - Shock                 Conj/Air       100%       1d9       0%          1
e - Airstrike             Air            38%        0-12+     1%          4
p - Swiftness             Air            76%        N/A       1%          3
q - Mephitic Cloud        Conj/Pois/Air  79%        N/A       1%          3
r - Conjure Ball Lightni  Conj/Air       47%        3x3d16    1%          6
s - Starburst             Conj/Fire      34%        6d10      8%          6
z - Static Discharge      Conj/Air       95%        3-15/arc  0%          2

Your spell library contained the following spells:

 Spells                   Type           Power      Damage    Failure   Level
 Lightning Bolt           Conj/Air       47%        1d68      1%          5
 Magic Dart               Conj           100%       1d8       0%          1
 Freeze                   Ice            56%        1d7       1%          1
 Poisonous Vapours        Pois/Air       100%       N/A       1%          2
 Conjure Flame            Conj/Fire      68%        6-21      1%          3
 Fulminant Prism          Conj/Hex       34%        3d16      1%          4
 Hailstorm                Conj/Ice       68%        3d14      1%          4
 Iskenderun's Mystic Bla  Conj/Tloc      68%        2d14      1%          4
 Sticky Flame             Conj/Fire      68%        2d8       1%          4
 Frozen Ramparts          Ice            28%        1d4       3%          3
 Ignite Poison            Fire/Tmut/Pois 14%        N/A       3%          3
 Slow                     Hex            56%        N/A       4%          1
 Corpse Rot               Necr/Pois/Air  40%        N/A       4%          4
 Call Imp                 Summ           14%        N/A       6%          2
 Confusing Touch          Hex            14%        N/A       12%         3
 Vampiric Draining        Necr           14%        2d7       12%         3
 Lee's Rapid Deconstruct  Erth           7%         3d7*      26%         5
 Dispel Undead            Necr           14%        3d10      34%         4


Dungeon Overview and Level Annotations

Branches:
Dungeon (13/15)            Temple (1/1) D:4            Lair (6/6) D:9
 Shoals (0/4) Lair:2       Spider (0/4) Lair:3        Slime (0/5) Lair:5
    Orc (0/2) D:10         Bailey (visited)
 Vaults: D:13-14

Altars:
Elyvilon
Gozag
Kikubaaqudgha
Nemelex Xobeh
Qazlal
Ru
Sif Muna
Trog
Vehumet
Xom
Yredelemnul
Zin
Jiyva

Shops:
D:1 *!(?   D:3 ?   D:7 *

Annotations:
D:7 3 runed translucent doors, wilfster70's ghost, novice MfIE


Innate Abilities, Weirdness & Mutations

You have a beak for a mouth.
You have claws for feet.
Your magical nature lets you fly swiftly and evasively.


Message History

Vehumet accepts your kill.
You feel your power returning.
You can't see any susceptible monsters within range! (Use Z to cast anyway.)
A fire elemental comes into view.
The air twists around and strikes the fire elemental!
The fire elemental is moderately damaged.
A hell hound comes into view.
A fire elemental comes into view.
The air twists around and strikes the fire elemental!
The fire elemental is almost destroyed.
The hell hound barks!
A fire elemental comes into view.
You are out of magic!
Unknown command.
A troll comes into view.
The fire elemental hits you. The fire elemental burns you!
The hell hound attacks as you move away!
The hell hound barely misses you. The hell hound breathes flames at you.
The blast of flame hits the fire elemental.
The fire elemental completely resists.
The blast of flame hits you! The fire elemental hits you.
The fire elemental burns you! The fire elemental hits you.
The fire elemental burns you!
The hell hound attacks as you move away!
The hell hound closely misses you. The fire elemental hits you.
The fire elemental burns you! The hell hound misses you.
The hell hound attacks as you move away!
The hell hound misses you. The hell hound breathes flames at you.
The blast of flame hits you!! The hell hound breathes flames at you.
The blast of flame hits the fire elemental.
The fire elemental completely resists.
The blast of flame hits you.
* * * LOW HITPOINT WARNING * * *
The fire elemental hits you. The fire elemental burns you!
* * * LOW HITPOINT WARNING * * *
The fire elemental barely misses you. The fire elemental hits you.
The fire elemental burns you!
* * * LOW HITPOINT WARNING * * *
The fire elemental hits you. The fire elemental burns you!
You die...

#####
#############
#### ###
....#
#........@..#
#..# #.#
##..#
#...######EE#
#..# #.# #..#
#...# #hE#
#..# #.# #..#
#...# #..#
#..# #.# #..#
#...# #°.#
#..# #.# #..#
#...# #°.#
#..# #.# #..#
#...# #..#
#..# #.# #..#
#...# #.°#
#..# #.# #..#
#...# #..#
#..# #.#


You could see 3 fire elementals and a hell hound.

Vanquished Creatures
  Azrael (D:13)
  8 hydras
  Erica (D:8)
  A centaur warrior (D:13)
  3 catoblepae
  8 two-headed ogres
  8 death yaks
  A deep troll (D:10)
  A deep elf pyromancer (D:11)
  Pikel (D:4)
  A deep elf zephyrmancer (D:11)
  2 ugly things (D:13)
  3 manticores
  3 cyclopes
  3 elephants (Lair:6)
  2 black mambas (Lair:5)
  2 gargoyles
  4 komodo dragons
  9 cane toads
  Maggie (D:8)
  4 rime drakes
  An unseen horror (D:13)
  Psyche (D:11)
  4 trolls
  A hornet (D:9)
  11 polar bears
  Grinder (D:6)
  11 blink frogs
  8 dream sheep
  2 raiju (Lair:6)
  Sigmund (D:6)
  2 vampires
  3 spriggans (Bailey)
  63 yaks
  A shadow (D:13)
  2 fire elementals (D:13)
  2 wraiths
  9 wyverns
  3 steam dragons
  8 vampire mosquitoes
  6 basilisks (Lair:4)
  6 wargs
  2 acid dragons (D:9)
  13 water moccasins
  17 hell hounds
  A swamp drake (D:11)
  5 orc warriors
  A sky beast (D:8)
  An ice beast (D:6)
  49 wolves
  13 black bears
  9 ogres
  4 centaurs
  A lemure (D:4)
  A phantom (D:5)
  4 kobold brigands
  4 necrophages
  9 bullfrogs
  A gnoll sergeant (D:9)
  2 scorpions
  8 wights
  6 killer bees (D:7)
  2 howler monkeys
  5 electric eels
  A crimson imp (D:11)
  4 jellies
  8 orc priests
  3 hounds (D:5)
  An iron imp (D:11)
  9 hell rats (Lair:4)
  Ijyb (D:4)
  Terence (D:2)
  14 orc wizards
  An iguana (D:4)
  3 gnolls (D:9)
  7 adders
  2 shadow imps
  14 white imps
  An ufetubus (D:6)
  2 worms
  2 dart slugs (D:1)
  58 orcs
  9 bats
  13 endoplasms
  5 giant cockroaches
  29 goblins
  8 hobgoblins
  10 jackals
  23 kobolds
  5 quokkas
  3 ball pythons
  2 frilled lizards
  6 rats
616 creatures vanquished.

Vanquished Creatures (collateral kills)
  A ball lightning (Lair:6)
1 creature vanquished.

Vanquished Creatures (others)
  A human (D:6)
  An orc (D:11)
  70 ball lightnings
  31 fungi
  76 plants
179 creatures vanquished.

Grand Total: 796 creatures vanquished

Notes
Turn   | Place    | Note
-------+----------+-------------------------------------------
     0 | D:1      | anonymous the Tengu Air Elementalist began the quest for
                  | the Orb.
     0 | D:1      | Reached XP level 1. HP: 10/10 MP: 4/4
   147 | D:1      | Reached XP level 2. HP: 12/15 MP: 0/6
   789 | D:1      | Found Fewne's Distillery.
   797 | D:1      | Found Qaichirgh's Assorted Antiques.
   890 | D:1      | Reached XP level 3. HP: 20/20 MP: 4/7
  1067 | D:1      | Found Cimyof's Weapon Emporium.
  1303 | D:1      | Found Awuun's Magic Scroll Shop.
  1641 | D:1      | Found a faded altar of an unknown god.
  2036 | D:2      | Reached XP level 4. HP: 24/24 MP: 6/8
  2281 | D:2      | Reached skill level 1 in Fighting
  2284 | D:2      | Reached skill level 1 in Armour
  2297 | D:2      | Learned a level 2 spell: Static Discharge
  2301 | D:2      | Learned a level 3 spell: Swiftness
  2587 | D:2      | Noticed Terence
  2618 | D:2      | Killed Terence
  2619 | D:2      | Gained mutation: Your magical nature lets you fly swiftly
                  | and evasively. [Tengu growth]
  2619 | D:2      | Reached XP level 5. HP: 11/29 MP: 4/10
  3397 | D:3      | Found a white marble altar of Elyvilon.
  3469 | D:1      | Bought a scroll labelled USAPRUREST for 21 gold pieces
  3469 | D:1      | Bought a scroll labelled FIMYEKK YCOTO for 21 gold pieces
  3469 | D:1      | Bought a scroll labelled DIDOESHR ANEVA for 21 gold pieces
  3917 | D:3      | Found Coenyidgh's Magic Scroll Boutique.
  4023 | D:3      | Bought a scroll of identify for 22 gold pieces
  4288 | D:4      | Reached skill level 5 in Air Magic
  4398 | D:4      | Reached XP level 6. HP: 29/34 MP: 7/11
  4465 | D:4      | Found a staircase to the Ecumenical Temple.
  4476 | D:4      | Noticed Pikel
  4479 | Temple   | Entered the Ecumenical Temple
  4764 | Temple   | Became a worshipper of Vehumet
  5016 | D:3      | Learned a level 4 spell: Airstrike
  5210 | D:4      | Killed Pikel
  5211 | D:4      | Reached skill level 5 in Conjurations
  5211 | D:4      | Reached XP level 7. HP: 36/40 MP: 4/14
  5488 | D:4      | Noticed Ijyb
  5620 | D:4      | Killed Ijyb
  5696 | D:4      | Reached XP level 8. HP: 45/45 MP: 12/15
  5785 | D:5      | Entered Level 5 of the Dungeon
  5801 | D:5      | Reached * piety under Vehumet
  5801 | D:5      | Offered knowledge of Magic Dart by Vehumet.
  6022 | D:5      | Noticed a gargoyle
  6154 | D:5      | Found a shimmering altar of Xom.
  6172 | D:5      | Found a bloodstained altar of Trog.
  6599 | D:5      | Killed a gargoyle
  6941 | D:5      | Reached XP level 9. HP: 51/51 MP: 14/17
  7144 | D:6      | Noticed Sigmund
  7146 | D:6      | Killed Sigmund
  7147 | D:6      | Reached skill level 5 in Spellcasting
  7345 | D:6      | Offered knowledge of Poisonous Vapours by Vehumet.
  7367 | D:6      | Noticed Grinder
  7374 | D:6      | Reached ** piety under Vehumet
  7377 | D:6      | Killed Grinder
  7512 | D:6      | You are sucked into a shaft and drop 2 floors!
  7643 | D:8      | Found a glowing silver altar of Zin.
  7691 | D:8      | Noticed Erica
  7744 | D:8      | Killed Erica
  7745 | D:8      | Reached skill level 5 in Dodging
  7745 | D:8      | Reached skill level 5 in Stealth
  7745 | D:8      | Reached XP level 10. HP: 38/56 MP: 14/20
  7892 | D:7      | Found a runed translucent gate.
  7893 | D:7      | Found a runed translucent gate.
  7894 | D:7      | Noticed wilfster70's ghost (novice MfIE)
  7895 | D:7      | Found a runed translucent gate.
  7957 | D:7      | Found Vekhlupha's General Store.
  8669 | D:6      | Offered knowledge of Inner Flame by Vehumet.
  8718 | D:6      | Found an ancient bone altar of Kikubaaqudgha.
  8879 | D:7      | Reached *** piety under Vehumet
  8945 | D:7      | Reached skill level 5 in Armour
  9165 | D:7      | Found a shimmering blue altar of Sif Muna.
  9578 | D:8      | Reached skill level 10 in Air Magic
  9831 | D:8      | Noticed a two-headed hydra
  9898 | D:8      | Killed a two-headed hydra
 10059 | D:8      | Noticed Maggie
 10075 | D:8      | Killed Maggie
 10285 | D:8      | Reached skill level 5 in Fighting
 10285 | D:8      | Reached XP level 11. HP: 63/63 MP: 11/22
 10461 | D:9      | Offered knowledge of Mephitic Cloud by Vehumet.
 10699 | D:9      | Found a staircase to the Lair.
 10709 | D:9      | Reached skill level 10 in Conjurations
 10710 | D:9      | Noticed a two-headed ogre
 10836 | D:9      | Killed a two-headed ogre
 11119 | D:9      | Reached **** piety under Vehumet
 11237 | D:9      | Noticed a two-headed ogre
 11241 | D:9      | Killed a two-headed ogre
 11246 | D:9      | Learned a level 3 spell: Mephitic Cloud
 11337 | D:9      | Found a sacrificial altar of Ru.
 11471 | D:10     | Entered Level 10 of the Dungeon
 11536 | D:10     | Found a flagged portal.
 11551 | Bailey   | Entered a bailey
 11719 | Bailey   | Offered knowledge of Irradiate by Vehumet.
 11956 | Bailey   | Noticed a two-headed ogre
 11961 | Bailey   | Killed a two-headed ogre
 12051 | Bailey   | Identified the +7 falchion "Iboc" {freeze, +Blink}
 12129 | Bailey   | Found the +7 Spriggan's Knife {stab, EV+4 Stlth+}
 12315 | D:10     | Reached XP level 12. HP: 31/69 MP: 3/25
 12652 | D:10     | Noticed a two-headed ogre
 12861 | D:10     | Found a staircase to the Orcish Mines.
 13396 | D:10     | Noticed a two-headed ogre
 13401 | D:10     | Killed a two-headed ogre
 13440 | D:10     | Noticed a two-headed ogre
 13455 | D:10     | Killed a two-headed ogre
 13518 | D:10     | Noticed a two-headed ogre
 13535 | D:10     | Killed a two-headed ogre
 13677 | D:10     | Killed a two-headed ogre
 14073 | D:10     | Found a sparkling altar of Nemelex Xobeh.
 14335 | D:11     | Reached ***** piety under Vehumet
 14335 | D:11     | Offered knowledge of Eringya's Noxious Bog by Vehumet.
 15141 | Lair:1   | Entered Level 1 of the Lair of Beasts
 16272 | Lair:2   | You are sucked into a shaft and drop 1 floor!
 16272 | Lair:3   | Noticed a catoblepas
 16279 | Lair:3   | Killed a catoblepas
 16301 | Lair:2   | Found a staircase to the Shoals.
 17413 | Lair:3   | Found a hole to the Spider Nest.
 17439 | Lair:3   | Reached XP level 13. HP: 39/76 MP: 23/27
 20521 | Lair:5   | Reached skill level 10 in Spellcasting
 20982 | Lair:5   | Offered knowledge of Conjure Ball Lightning by Vehumet.
 20997 | Lair:5   | Learned a level 6 spell: Conjure Ball Lightning
 21546 | Lair:5   | Reached XP level 14. HP: 82/82 MP: 29/29
 21759 | Lair:5   | Found a staircase to the Slime Pits.
 21760 | Lair:5   | Found a viscous altar of Jiyva.
 21890 | Lair:6   | Entered Level 6 of the Lair of Beasts
 23238 | Lair:6   | Reached skill level 15 in Air Magic
 24607 | Lair:6   | Offered knowledge of Starburst by Vehumet.
 24615 | Lair:6   | Learned a level 6 spell: Starburst
 25581 | Lair:6   | Reached skill level 15 in Conjurations
 26762 | D:11     | Noticed Psyche
 26891 | D:11     | Killed Psyche
 27235 | D:11     | Identified the +8 war axe of Untimely Demise {vorpal, MP+9}
 27307 | D:11     | Identified the +2 pair of gloves "Myox Pexobb" {Harm Dex+2}
 27775 | D:12     | Offered knowledge of Lightning Bolt by Vehumet.
 27884 | D:12     | Reached XP level 15. HP: 85/89 MP: 15/31
 28328 | D:12     | Reached skill level 1 in Shields
 29480 | D:13     | Identified the +5 scale mail "Eddoy" {Drain Regen+ rCorr}
 29882 | D:13     | Noticed Azrael
 29913 | D:13     | Killed Azrael
 29946 | D:13     | Mangled by a fire elemental

Illustrated notes

Levels and vault maps discovered:
D:1:      dpeg_arrival_simpleton_c, layout_basic, serial_shops,
          nicolae_shop_advertising_works [nicolae_subvault_shop_adworks], shop,
          nicolae_shop_statue_plus, shop, ebering_ecumenical_altar_webs,
          nicolae_wormholes
D:2:      kennysheep_the_goblin_king, layout_basic, minmay_between, uniq_terence
D:3:      layout_basic, elyvilon_altar_5, serial_shops, shop
D:4:      minmay_bubble_buster, layout_rooms,
          minmay_temple_entry_statues_pillars, uniq_ijyb, uniq_pikel
D:5:      minmay_thick_lines, layout_gridville,
          mainiacjoe_overflow_six_doors_small, mainiacjoe_overflow_24_doors
D:6:      layout_rooms, tgw_kikubaaqudgha, chequers_decorated_corner,
          uniq_grinder, uniq_sigmund
D:7:      lemuel_ice_spiral_2, layout_rooms, nicolae_sif_muna_little_library,
          serial_shops, nicolae_square_shop, gammafunk_ghost_split
D:8:      layout_loops_ring, mainiacjoe_overflow_brackets, hangedman_ranch,
          uniq_erica, uniq_maggie
D:9:      layout_rooms, nicolae_ru_path_of_blood, dpeg_oklobed_lair
D:10:     dreamdust_cave_troll, layout_loops_corners, lemuel_round_altar,
          erik_orc_4, enter_bailey_5, hellmonk_guarded_unrand_dark_maul
D:11:     layout_irregular_city, portal_ice_cave_entry_imps,
          hangedman_minor_magic, uniq_psyche
D:12:     layout_gridville
D:13:     layout_long_grid, uniq_azrael
Temple:   minmay_temple_curvy_branch
Lair:1:   layout_gridlike, special_room, serial_bayou_shore_a,
          lemuel_fruit_fields, grunt_megastairs_3, infiniplex_staircase_pool
Lair:2:   layout_small_grid, shoals_dummy_entry, minmay_stone_trees_large
Lair:3:   layout_cave_pods, dummy_spider_entry, grunt_megastairs_4
Lair:4:   layout_roguey [special_room_mythical_zoo]
Lair:5:   layout_misc_corridors, slime_entry_1, minivault_19,
          serial_bayou_ford_a, grunt_forest_stairs_basic,
          kennysheep_catoblepas_arena, grunt_megastairs_2
Lair:6:   hangedman_lair_caniforms_friends, layout_regular_city,
          grunt_forest_small_clearing_treed

Skill      XL: |  1  2  3  4  5  6  7  8  9 10 11 12 13 14 15 |
---------------+----------------------------------------------+-----
Conjurations   | 2 3 5 6 8 9 11 12 13 15 | 15.4
Fighting       | 1 2 3 4 5 6 7 8 |  8.6
Armour         | 1 2 3 4 5 6 7 8 9 |  9.0
Spellcasting   | 3 4 6 7 8 9 10 11 | 11.4
Air Magic      | 5 6 7 9 10 11 13 14 15 | 15.9
Dodging        | 3 4 5 6 7 8 9 |  9.6
Stealth        | 3 4 5 6 7 8 9 |  9.6
Shields        | 1 |  1.5

Action                   |  1- 3 |  4- 6 |  7- 9 | 10-12 | 13-15 || total
-------------------------+-------+-------+-------+-------+-------++-------
Melee: Unarmed           |     9 |       |       |       |       ||     9
       Peck              |     3 |       |     1 |     1 |     6 ||    11
       Kick              |     1 |       |     4 |     4 |    13 ||    22
       Dagger            |     6 |       |       |     1 |       ||     7
       Staff             |       |       |    12 |     8 |    34 ||    54
 Cast: Shock             |    90 |   125 |   127 |   158 |    19 ||   519
       Static Discharge  |       |    13 |    14 |    88 |    93 ||   208
       Airstrike         |       |     1 |    42 |   204 |   338 ||   585
       Swiftness         |       |       |     1 |     2 |     2 ||     5
       Mephitic Cloud    |       |       |       |     7 |     9 ||    16
       Conjure Ball Ligh |       |       |       |       |    30 ||    30
Evoke: Wand              |       |       |       |       |     1 ||     1
  Use: Scroll            |       |       |     5 |    14 |     9 ||    28
 Stab: Sleeping          |       |       |       |     1 |       ||     1
       Confused          |       |       |       |     1 |       ||     1
Armor: Robe              |     6 |     1 |     2 |     7 |       ||    16
       Ring mail         |       |       |       |     4 |    41 ||    45
Dodge: Dodged            |    23 |    16 |    28 |    61 |   127 ||   255

Table legend: (Time is in decaauts)
 A = Elapsed time spent in this place.
 B = Non-inter-level travel time spent in this place.
 C = Inter-level travel time spent in this place.
 D = Time resting spent in this place.
 E = Time spent auto-exploring this place.
 F = Levels seen in this place.
 G = Mean time per level.
                   A        B        C        D        E       F      G
               +--------+--------+--------+--------+--------+-----+--------+
         Total |  28678 |  26847 |   1831 |   1748 |  21613 |  21 | 1365.6 |
       Dungeon |  16904 |  15720 |   1184 |    844 |  12656 |  13 | 1300.3 |
        Temple |    294 |    245 |     49 |      0 |    240 |   1 |  294.0 |
          Lair |  10854 |  10257 |    597 |    882 |   8212 |   6 | 1809.0 |
        Bailey |    624 |    624 |      0 |     22 |    503 |   1 |  624.0 |
               +--------+--------+--------+--------+--------+-----+--------+

Top non-repeatable levels by time:
  Lair:6: 3164 daAuts
  Lair:5: 2370 daAuts
    D:10: 2010 daAuts
     D:1: 1840 daAuts
    D:11: 1617 daAuts
  Lair:4: 1605 daAuts
     D:2: 1602 daAuts
  Lair:3: 1533 daAuts
     D:8: 1530 daAuts
     D:5: 1397 daAuts
    D:12: 1362 daAuts
     D:9: 1119 daAuts
  Lair:1: 1094 daAuts
  Lair:2: 1086 daAuts
     D:3: 1027 daAuts
